Map: Base du roi Sejong EC

Players

xBrEaThErx - Winner!

  • Race: Zerg Zerg
  • League: Gold
  • Spawn Location: 5:00

zidar

  • Race: Zerg Zerg
  • League: Gold
  • Spawn Location: 11:00

VOD

Have the link to the VOD?

Description

Time

  • Played on: June 3, 2016, 11:50 a.m.
  • Length: 8:33
Show
View Real Time Build Order
Export as new Build Order

xBrEaThErx Zerg - Winner!

Build Orders: Pool First, Zergling Baneling 

Get SALT Encoding   

  12  0:02  Drone  
  13  0:09  Drone  
  13  0:13  Extractor  
  13  0:16  Drone  
  15  0:22  Overlord  
  15  0:41  Drone x2  
  17  0:44  Extractor  
  17  0:46  Drone  
  17  0:51  Spawning Pool  
  17  0:56  Drone  
  17  1:13  Drone  
  17  1:18  Drone  
  19  1:32  Hatchery  
  19  1:38  Zergling x2  
  19  1:39  Queen  
  21  1:49  Overlord  
  21  1:54  Metabolic Boost  
  21  2:05  Zergling x2  
  22  2:20  Drone x2  
  24  2:25  Drone  
  25  2:34  Baneling Nest  
  25  2:35  Overlord  
  24  2:46  Queen  
  24  2:48  Zergling x6  
  29  3:00  Drone x4  
  33  3:20  Drone x3  
  33  3:23  Drone x3  
  39  3:29  Drone  
  40  3:35  Baneling x4  
  40  3:36  Drone  
  40  3:38  Drone  
  42  3:46  Overlord  
  42  3:55  Spore Crawler  
  41  3:56  Lair  
  41  3:57  Drone  
  41  3:58  Overlord x2, Drone  
  41  3:59  Drone  
  42  4:19  Zergling x8  
  42  4:20  Zergling x2  
  45  4:32  Zergling x4  
  45  4:33  Drone  
  45  4:34  Drone x2  
  50  4:47  Drone x2  
  50  4:50  Extractor  
  50  4:52  Extractor  
  50  4:54  Roach Warren  
  50  4:59  Baneling x4  
  49  5:01  Drone x2  
  49  5:06  Drone x2  
  47  5:33  Spine Crawler  
  44  5:36  Roach x5  
  44  5:37  Roach x2  
  44  5:40  Roach  
  60  5:47  Overlord  
  60  5:49  Roach  
  62  5:53  Overlord  
  62  5:54  Roach x2  
  62  5:55  Overlord  
  66  6:04  Queen  
  66  6:05  Overlord x2  
  66  6:06  Roach x2  
  72  6:11  Roach  
  74  6:18  Glial Reconstitution  
  74  6:20  Roach  
  74  6:22  Roach x2  
  74  6:23  Roach x3  
  74  6:24  Roach  
  88  6:29  Overseer  
  88  6:32  Drone x2  
  90  6:38  Ravager, Evolution Chamber  
  90  6:41  Drone x2  
  90  6:43  Hatchery  
  90  6:44  Extractor  
  90  6:45  Drone  
  91  7:12  Roach  
  91  7:13  Roach x2  
  91  7:14  Drone x4  
  101  7:31  Roach x2, Zergling x4  
  101  7:33  Overlord x2  
  107  7:58  Roach x5, Zergling x12  
  112  8:18  Spore Crawler  
  111  8:21  Hydralisk Den  
Show
View Real Time Build Order
Export as new Build Order

zidar Zerg 

Build Orders: Hatch First 

Get SALT Encoding   

  12  0:01  Drone  
  13  0:12  Overlord  
  13  0:17  Drone  
  14  0:21  Extractor  
  14  0:23  Drone  
  15  0:30  Drone  
  15  0:34  Drone  
  17  0:58  Hatchery  
  17  0:59  Drone  
  17  1:13  Spawning Pool  
  17  1:15  Drone  
  17  1:19  Extractor  
  17  1:20  Drone  
  17  1:37  Drone  
  17  1:38  Overlord  
  18  1:41  Drone  
  19  1:55  Drone  
  20  2:02  Queen  
  20  2:08  Zergling x2  
  22  2:10  Queen  
  24  2:17  Drone  
  24  2:18  Metabolic Boost  
  25  2:23  Zergling x2  
  25  2:25  Zergling x2  
  25  2:28  Zergling x2  
  28  2:49  Roach Warren  
  27  2:59  Drone x6  
  33  3:12  Pneumatized Carapace  
  33  3:20  Drone x3  
  36  3:45  Extractor  
  36  3:47  Overlord  
  36  3:48  Overlord  
  35  3:51  Drone  
  31  4:31  Queen  
  33  4:47  Roach x9  
  50  5:18  Roach  
  50  5:19  Roach  
  51  5:37  Overlord x3  
  51  5:38  Overlord x2  
  51  5:41  Lair  
  51  5:53  Drone  
  52  5:59  Extractor x2  
  48  6:29  Drone  
  49  6:37  Drone x4  
  49  6:38  Drone x2  
  55  6:40  Drone  
  55  6:41  Drone x4  
  55  6:46  Spire  
  59  7:09  Roach x3  
  59  7:10  Roach x3  
  71  7:20  Spine Crawler  
  70  7:25  Spine Crawler  
  70  7:26  Roach x4, Spine Crawler  
  47  8:03  Roach x9  
Tags
 
Add a new tag
Caveats
  • Supply blocks, unpowered buildings, or Contaminate may cause inaccurate times.
  • Supply counts are checked every 10 seconds.